 Dungeon Crawl Stone Soup version 0.21.1-1-g345015f (webtiles) character file.

686 Inarius the Chiller (level 7, 0/38 HPs)
             Began as an Octopode Ice Elementalist on June 27, 2018.
             Slain by a two-headed ogre
             ... wielding a +0 giant club
              (21 damage)
             ... on level 4 of the Dungeon.
             The game lasted 00:14:38 (5228 turns).

Inarius the Chiller (Octopode Ice Elementalist)     Turns: 5228, Time: 00:14:38

Health: 0/38       AC:  3    Str:  7    XL:     7   Next: 62%
Magic:  2/13       EV: 14    Int: 21    God:
Gold:   200        SH:  3    Dex: 15    Spells: 6/14 levels left

rFire    . . .     SeeInvis .   p - +6 spear
rCold    . . .     Gourm    .   (no shield)
rNeg     . . .     Faith    .   (helmet restricted)
rPois    .         Spirit   .   e - +3 amulet of reflection
rElec    .         Reflect  +   (no ring)
rCorr    .         Harm     .   (no ring)
MR       .....                  (no ring)
Stlth    +++.......             (no ring)
HPRegen  0.12/turn              (no ring)
MPRegen  0.13/turn              (no ring)
                                (no ring)
                                (no ring)

@: no status effects
A: almost no armour, stealthy swim, amphibious, 8 rings, constrict 8, icy blue
scales 1, camouflage 1, agile 1, clever 1, deterioration 1, frail 1, wild magic
1, gelatinous body 1
a: no special abilities


You were on level 4 of the Dungeon.
You were hungry.

You visited 1 branch of the dungeon, and saw 4 of its levels.

You collected 200 gold pieces.

Inventory:

Hand Weapons
 p - a +6 spear (weapon)
Missiles
 g - 4 javelins of penetration (quivered)
Jewellery
 e - a +3 amulet of reflection (around mantle)
Scrolls
 d - a scroll of enchant armour {unknown}
 h - a scroll of fog {unknown}
 k - 2 scrolls of remove curse
 l - a scroll of teleportation {unknown}
 m - a scroll of noise {unknown}
 s - a scroll of blinking {unknown}
 t - a scroll of random uselessness {unknown}
 v - 3 scrolls of fear {unknown}
Potions
 c - 7 potions of curing
 f - a potion of degeneration {unknown}
 i - 2 potions of flight
 n - 2 potions of invisibility
 o - a potion of berserk rage {unknown}
 q - a potion of resistance {unknown}
 r - 2 potions of cancellation {unknown}
 u - 3 potions of agility {unknown}
Books
 a - a book of Frost

   Spells                             Type                      Level
   a - Freeze                         Ice                          1
   b - Throw Frost                    Conjuration/Ice              2
   c - Ozocubu's Armour               Charms/Ice                   3
   d - Throw Icicle                   Conjuration/Ice              4
   e - Summon Ice Beast               Ice/Summoning                4
Comestibles
 b - 8 rations


   Skills:
 + Level 1.4 Fighting
   Level 0.1 Short Blades
 - Level 0.2 Throwing
 + Level 2.9 Dodging
 - Level 3.3 Stealth
 + Level 4.0 Spellcasting
 * Level 2.8 Conjurations
 + Level 1.0 Charms
 * Level 6.2 Ice Magic


You had 6 spell levels left.
You knew the following spells:

 Your Spells              Type           Power        Failure   Level  Hunger
a - Freeze                Ice            ####         1%          1    None
b - Ozocubu's Armour      Chrm/Ice       ####....     12%         3    ###....
c - Throw Icicle          Conj/Ice       ####....     26%         4    ####...


Dungeon Overview and Level Annotations

Branches:
Dungeon (4/15)
 Temple: D:4-7

Altars:
Nemelex Xobeh
Okawaru
Ru
Trog
Wu Jian


Innate Abilities, Weirdness & Mutations

You cannot wear most types of armour.
You are very stealthy in the water. (Stealth+)
You are amphibious.
You can wear up to eight rings at the same time.
You can use your tentacles to constrict eight enemies at once.
Your skin changes colour to match your surroundings (Stealth+).
Your rubbery body absorbs attacks. (AC +1, EV +1)
You are partially covered in icy blue scales. (AC +2)
You are agile. (Dex +2)
Your mind is acute. (Int +2)
Your body sometimes deteriorates upon taking damage.
You are frail. (-10% HP)
Your spells are a little harder to cast, but a little more powerful.


Message History

Aim: a two-headed ogre, wielding a giant club and a giant spiked club (severely wounded)
You reach to attack!
You hit the two-headed ogre.
The two-headed ogre is severely wounded.
You hit the two-headed ogre but do no damage.
The two-headed ogre is severely wounded.
The two-headed ogre misses you. The two-headed ogre closely misses you.
You barely miss the two-headed ogre.
The two-headed ogre is severely wounded.
The two-headed ogre closely misses you. x2
You hit the two-headed ogre but do no damage.
The two-headed ogre is severely wounded.
The two-headed ogre hits you with a giant club!!
You block the two-headed ogre's attack.
You hit the two-headed ogre.
The two-headed ogre is almost dead.
You closely miss the two-headed ogre.
The two-headed ogre is almost dead.
The two-headed ogre hits you with a giant club!!
Ouch! That really hurt!
You die...

##### #...# # #...# ##. #...#
#... #...# ##....###...#
?.>....O@[..# .....###....#
... +......# . ##### .
.###....###.. #...#
########.###......... #._.#
#..........#......... #...#..
#........#.#.........
#.ยง.#.#
#.>##......#.######## #...#.#
#..#.......#.###########.##.#


You could see a two-headed ogre.

Vanquished Creatures
  An ice beast (D:4)
  A sky beast (D:3)
  A hound (D:4)
  A bullfrog skeleton (D:4)
  3 orc priests (D:4)
  3 orc wizards
  A worker ant (D:4)
  6 gnolls
  9 adders
  An ooze (D:3)
  2 worms
  2 dart slugs (D:1)
  2 leopard geckos
  12 orcs
  A ball python (D:2)
  6 giant cockroaches
  12 goblins
  5 hobgoblins
  2 jackals (D:2)
  2 quokkas (D:2)
  5 bats
  5 frilled lizards
  7 kobolds
  4 rats
94 creatures vanquished.

Notes
Turn   | Place    | Note
-------+----------+-------------------------------------------
     0 | D:1      | Inarius the Octopode Ice Elementalist began the quest for the Orb.
     0 | D:1      | Reached XP level 1. HP: 11/11 MP: 3/3
   222 | D:1      | Reached XP level 2. HP: 17/17 MP: 3/5
   904 | D:1      | Reached XP level 3. HP: 21/21 MP: 4/6
   913 | D:1      | Learned a level 3 spell: Ozocubu's Armour
  1710 | D:2      | Reached skill level 4 in Ice Magic
  1771 | D:2      | Reached XP level 4. HP: 26/27 MP: 2/7
  2193 | D:2      | Learned a level 4 spell: Throw Icicle
  2332 | D:2      | Found a sparkling altar of Nemelex Xobeh.
  2391 | D:2      | Found a sacrificial altar of Ru.
  2563 | D:2      | Found an ornate altar of the Wu Jian Council.
  2761 | D:3      | Reached XP level 5. HP: 32/32 MP: 9/9
  3152 | D:3      | Noticed a sky beast
  3279 | D:3      | Killed a sky beast
  3279 | D:3      | Reached skill level 1 in Fighting
  3279 | D:3      | Reached skill level 5 in Ice Magic
  3279 | D:3      | Reached XP level 6. HP: 38/38 MP: 7/11
  3452 | D:3      | Found an iron altar of Okawaru.
  4247 | D:3      | Gained mutation: You tend to lose your temper in combat. [potion of mutation]
  4247 | D:3      | Gained mutation: You are partially covered in icy blue scales. (AC +2) [potion of mutation]
  4247 | D:3      | Gained mutation: You are frail. (-10% HP) [potion of mutation]
  4247 | D:3      | Gained mutation: Your flesh is cold resistant. (rC+) [potion of mutation]
  4248 | D:3      | Lost mutation: You tend to lose your temper in combat. [potion of mutation]
  4248 | D:3      | Lost mutation: Your flesh is cold resistant. (rC+) [potion of mutation]
  4248 | D:3      | Gained mutation: Your spells are a little harder to cast, but a little more powerful. [potion of mutation]
  4248 | D:3      | Gained mutation: Your mind is acute. (Int +2) [potion of mutation]
  4248 | D:3      | Gained mutation: Your body sometimes deteriorates upon taking damage. [potion of mutation]
  4248 | D:3      | Gained mutation: You are agile. (Dex +2) [potion of mutation]
  4311 | D:4      | Got a brightly glowing whip
  4312 | D:4      | Identified the +2 whip of the Grave {antimagic, rF++ rC+ Int-4} (You found it on level 4 of the Dungeon)
  4516 | D:4      | Reached XP level 7. HP: 38/38 MP: 7/12
  4522 | D:4      | Reached skill level 1 in Charms
  4727 | D:4      | Found a bloodstained altar of Trog.
  4784 | D:4      | Reached skill level 6 in Ice Magic
  5218 | D:4      | Noticed a two-headed ogre
  5228 | D:4      | Slain by a two-headed ogre

Skill      XL: |  1  2  3  4  5  6  7 |
---------------+----------------------+-----
Stealth        | 3 |  3.3
Ice Magic      | 4 5 6 |  6.2
Spellcasting   | 3 4 |  4.0
Fighting       | 1 |  1.4
Conjurations   | 2 |  2.8
Charms         | 1 |  1.0
Short Blades   | |  0.1
Throwing       | |  0.2
Dodging        | |  2.9

Action                   |  1- 3 |  4- 6 |  7- 9 || total
-------------------------+-------+-------+-------++-------
Melee: Unarmed           |    14 |       |       ||    14
       Constrict         |    10 |    22 |     7 ||    39
       Tentacles         |     8 |    15 |     8 ||    31
       Dagger            |    25 |       |       ||    25
       Spear             |       |   113 |    45 ||   158
Throw: Javelin           |       |       |     5 ||     5
 Cast: Freeze            |    31 |    32 |       ||    63
       Ozocubu's Armour  |     3 |     8 |     1 ||    12
       Throw Icicle      |       |     3 |     6 ||     9
  Use: Scroll            |       |     6 |       ||     6
       Potion            |       |     2 |       ||     2
 Stab: Sleeping          |     5 |    10 |       ||    15
  Eat: Chunk             |     3 |    10 |     3 ||    16
Armor: Skin              |     5 |    24 |     5 ||    34
Dodge: Dodged            |    27 |    72 |    21 ||   120
Block: Other             |     7 |    10 |     6 ||    23
       Reflection        |       |       |     1 ||     1
